 Dungeon Crawl Stone Soup version 0.19.1 (webtiles) character file.

56 esteth the Magician (level 4, 0/30 HPs)
             Began as a Human Wizard on Dec 14, 2016.
             Slain by a gnoll
             ... wielding a +0 club
              (5 damage)
             ... on level 2 of the Dungeon.
             The game lasted 00:13:03 (2421 turns).

esteth the Magician (Human Wizard)                  Turns: 2421, Time: 00:13:04

Health: 0/30       AC:  2    Str:  8    XL:     4   Next: 15%
Magic:  9/9        EV: 12    Int: 19    God:
Gold:   41         SH:  0    Dex: 11    Spells: 3 memorised, 4 levels left

rFire  . . .     SeeInvis .     e - +0 mace
rCold  . . .     Gourm    .     a - +0 robe
rNeg   . . .     Faith    .     (no shield)
rPois  .         Spirit   .     b - +0 hat
rElec  .         Reflect  .     (no cloak)
rCorr  .         Harm     .     (no gloves)
MR     .....                    (no boots)
Stlth  ++........               (no amulet)
                                (no ring)
                                (no ring)

@: no status effects
A: no striking features
a: no special abilities


You were on level 2 of the Dungeon.
You were near starving.

You visited 1 branch of the dungeon, and saw 2 of its levels.

You collected 41 gold pieces.

Inventory:

Hand Weapons
 e - a +0 mace (weapon)
Armour
 a - a +0 robe (worn)
 b - a +0 hat (worn)
Jewellery
 f - a +4 ring of protection {unknown}
 l - a +3 ring of intelligence {unknown}
Wands
 m - a wand of random effects (35/48)
Scrolls
 i - a scroll of immolation
 j - a scroll of random uselessness {unknown}
 k - 2 scrolls of remove curse {unknown}
Potions
 n - a potion of lignification {unknown}
Books
 c - a book of Minor Magic

   Spells                             Type                      Level
   a - Magic Dart                     Conjuration                  1
   b - Blink                          Translocation                2
   c - Call Imp                       Summoning                    2
   d - Repel Missiles                 Charms/Air                   2
   e - Slow                           Hexes                        2
   f - Conjure Flame                  Conjuration/Fire             3
   g - Mephitic Cloud                 Conjuration/Poison/Air       3
Comestibles
 d - 2 bread rations
 g - 5 fruits
 h - a meat ration


   Skills:
 - Level 2.0 Dodging
 - Level 2.0 Stealth
 + Level 3.8 Spellcasting
 + Level 2.5 Conjurations
   Level 1.0 Summonings
 - Level 1.0 Translocations


You had 4 spell levels left.
You knew the following spells:

 Your Spells              Type           Power        Failure   Level  Hunger
a - Magic Dart            Conj           ##..         6%          1    None
b - Blink                 Tloc           N/A          17%         2    ##.....
c - Mephitic Cloud        Conj/Pois/Air  #.......     34%         3    ###....


Dungeon Overview and Level Annotations

Branches:
Dungeon (2/15)

Altars:
Qazlal
Trog

Annotations:
D:2 Sigmund, Terence


Message History

Terence says, "Don't bother to defend, it's useless."
Terence says, "You're history."
You see here 2 stones.
You see here a halberd.
Terence's inner flame fades away.
Terence looks scornfully at you.
Press: ? - help, v - describe, . - travel, g - get item
Here: a gnoll, wielding a club (moderately wounded, inner flame)
A halberd.
The floor.
The gnoll's inner flame fades away.
You are near starving!
The gnoll shouts!
The gnoll closely misses you.
The gnoll hits you from afar with a spear!
* * * LOW HITPOINT WARNING * * *
The gnoll misses you. The gnoll hits you but does no damage.
The gnoll hits you but does no damage. The gnoll hits you with a club.
You die...

.....##.######.#.#.## ♣♣♣♣♣♣
#'####.........#.#..#♣♣♣♣♣♣♣....♣
........########.#..'......†.##.♣
...###.## #.#..'........##(♣
...###.# #.#.##♣♣♣♣♣♣♣....♣
....##.# #.#.# ♣♣♣♣♣♣ ..#.##g#
#.#.# .....#.#########.#.#
###..#g#.g.g.g.g@..####
.#.....#.#######.####.#
......g#.# #..[......###
.#.....#g# #.##.####.#.#
.#...#.#.# #.##.# #.#.###
.#.....g.# #....# #.#...#
.#.......# ###### #.#.#.#
.###.##..###### #.....#######
..............# ##...........


You could see 4 gnolls.

Vanquished Creatures
  A gnoll (D:2)
  3 dart slugs
  A giant cockroach (D:1)
  6 goblins
  4 hobgoblins (D:1)
  5 jackals (D:1)
  3 kobolds
  5 bats
  A frilled lizard (D:2)
  8 rats
37 creatures vanquished.

Notes
Turn   | Place    | Note
-------+----------+-------------------------------------------
     0 | D:1      | esteth the Human Wizard began the quest for the Orb.
     0 | D:1      | Reached XP level 1. HP: 13/13 MP: 4/4
   251 | D:1      | Reached XP level 2. HP: 16/19 MP: 6/6
   261 | D:1      | Learned a level 2 spell: Blink
   793 | D:1      | Reached XP level 3. HP: 24/24 MP: 4/7
   798 | D:1      | Learned a level 3 spell: Mephitic Cloud
  1271 | D:2      | Noticed Sigmund
  1521 | D:2      | Noticed a moth of wrath
  1524 | D:2      | Found a bloodstained altar of Trog.
  1847 | D:2      | Reached XP level 4. HP: 27/30 MP: 2/9
  2069 | D:2      | Noticed Terence
  2235 | D:2      | Found a stormy altar of Qazlal.
  2376 | D:2      | HP: 1/30 [gnoll/spear (8)]
  2421 | D:2      | Slain by a gnoll

Skill      XL: |  1  2 |
---------------+-------+-----
Conjurations   | 2 |  2.5
Dodging        | |  2.0
Stealth        | |  2.0
Spellcasting   | |  3.8
Summonings     | |  1.0
Translocations | |  1.0

Action                   |  1- 3 |  4- 6 || total
-------------------------+-------+-------++-------
Melee: Mace              |    62 |     1 ||    63
       Unarmed           |       |     1 ||     1
 Cast: Magic Dart        |    51 |    29 ||    80
       Mephitic Cloud    |     1 |     1 ||     2
       Blink             |       |     2 ||     2
  Use: Scroll            |     2 |     1 ||     3
 Stab: Distracted        |     1 |       ||     1
  Eat: Chunk             |     3 |       ||     3
Armor: Robe              |    14 |     3 ||    17
Dodge: Dodged            |    77 |    36 ||   113
